 Dungeon Crawl Stone Soup version 0.30.1-4-g462c640d31 (webtiles) character file.

Game seed: 8195550920781101102

292 Almogavar the Slasher (level 6, -4/56 HPs)
             Began as a Minotaur Monk on Sept 5, 2023.
             Slain by ripuliukko's ghost (9 damage)
             ... on level 3 of the Dungeon.
             The game lasted 00:06:19 (2259 turns).

Almogavar the Slasher (Minotaur Monk)               Turns: 2259, Time: 00:06:19

Health: -4/56      AC:  2    Str: 15 (17) XL:     6   Next: 10%
Magic:  5/5        EV: 13    Int:  5 (7)  God:
Gold:   198        SH:  0    Dex: 11 (13) Spells: 5/5 levels left

rFire   . . .        a - +0 falchion
rCold   . . .        d - orb {light}
rNeg    + . .        b - +0 robe
rPois   +            (helmet restricted)
rElec   .            (no cloak)
rCorr   .            (no gloves)
SInv    .            (no boots)
Will    .....        (no amulet)
Stlth   +            n - ring of poison resistance
HPRegen 0.29/turn    o - ring of positive energy
MPRegen 0.09/turn

%: no passive effects
@: brilliant, glowing
A: horns 2, retaliatory headbutt
a: no special abilities


You were on level 3 of the Dungeon.
You visited 1 branch of the dungeon, and saw 3 of its levels.

You collected 198 gold pieces.

Inventory:

Hand Weapons
 a - a +0 falchion (weapon)
 i - a +3 sling
Armour
 b - a +0 robe (worn)
 d - an orb of light (worn)
Jewellery
 n - a ring of poison resistance (left hand)
 o - a ring of positive energy (right hand)
Wands
 m - a wand of polymorph (7)
Scrolls
 g - 2 scrolls of brand weapon {unknown}
 j - a scroll of teleportation {unknown}
 k - a scroll of enchant weapon {unknown}
 p - a scroll of blinking {unknown}
 s - 2 scrolls of enchant armour {unknown}
 t - a scroll of acquirement {unknown}
Potions
 f - a potion of magic
 h - 2 potions of lignification
 l - a potion of degeneration
 r - a potion of invisibility {unknown}
 u - a potion of attraction {unknown}


   Skills:
 + Level 5.1 Fighting
 + Level 6.2 Long Blades
 + Level 4.6 Dodging
 + Level 0.9 Stealth


You had 5 spell levels left.
You didn't know any spells.
Your spell library was empty.

Dungeon Overview and Level Annotations

Branches:
Dungeon (3/15)

Altars:

Annotations:
D:3 kalagan's ghost, amateur DECj; ripuliukko's ghost, amateur DEEE


Innate Abilities, Weirdness & Mutations

You have a pair of horns on your head.
You reflexively headbutt those who attack you in melee.


Message History

You closely miss unrecovered's ghost.
Unrecovered's ghost is heavily damaged.
Unrecovered's ghost hits you.
* * * LOW HITPOINT WARNING * * *
You hit unrecovered's ghost.
Your headbutt misses unrecovered's ghost.
Unrecovered's ghost is severely damaged.
Unrecovered's ghost says, "They lied to you.
The Dungeon just goes down and down forever."
Unrecovered's ghost hits you.
* * * LOW HITPOINT WARNING * * *
You hit unrecovered's ghost.
Unrecovered's ghost is severely damaged.
Unrecovered's ghost closely misses you. You furiously retaliate!
You headbutt unrecovered's ghost!
You feel better. Unrecovered's ghost hits you!
* * * LOW HITPOINT WARNING * * *
You feel better. Unrecovered's ghost barely misses you.
You furiously retaliate!
You headbutt unrecovered's ghost!
You destroy unrecovered's ghost!
Your Fighting skill increases to level 5!
Your Long Blades skill gained 2 levels and is now at level 6!
You have reached level 5!
You have reached level 6!
You feel better.
Ripuliukko's ghost casts a spell at you.
The stone arrow misses you.
You barely miss ripuliukko's ghost. Ripuliukko's ghost hits you!
* * * LOW HITPOINT WARNING * * *
You barely miss ripuliukko's ghost.
Ripuliukko's ghost wails, "What do you have that I didn't have?"
Ripuliukko's ghost hits you!
* * * LOW HITPOINT WARNING * * *
It was a potion of degeneration.
There was something very wrong with that liquid.
You feel weakened.
You feel dopey.
You feel clumsy. Ripuliukko's ghost barely misses you.
It was a potion of brilliance.
You feel clever all of a sudden. Ripuliukko's ghost hits you!
You die...

.....###.#.#########
.......#####.......#
....####≈≈≈######|##
....###..#..#####.##
.....#.......#.....#
....##.......####..#
.#..##.......# #..#
...........#.####..##
..............WW@...#
...#######.#######.##
.#.# #.# #.# .#.#
#.#######.# ...#
#.........# .###
#.######### .# #.#
.#########.#
.........#.#


You could see kalagan's ghost and ripuliukko's ghost.

Vanquished Creatures
  The ghost of unrecovered the Trooper, an amateur DsMo of Ashenzari (D:3)
  2 adders (D:2)
  A worm (D:3)
  3 dart slugs
  An orc (D:3)
  5 ball pythons
  6 endoplasms
  5 goblins
  7 hobgoblins
  5 kobolds
  5 quokkas
  4 bats
  4 frilled lizards
  2 rats
51 creatures vanquished.

Notes
Turn   | Place    | Note
-------+----------+-------------------------------------------
     0 | D:1      | Almogavar the Minotaur Monk began the quest for the Orb.
     0 | D:1      | Reached XP level 1. HP: 19/19 MP: 0/0
   237 | D:1      | Reached XP level 2. HP: 26/27 MP: 1/1
   249 | D:1      | Reached skill level 4 in Long Blades
   904 | D:2      | Reached XP level 3. HP: 33/33 MP: 2/2
  1259 | D:2      | Found a faded altar of an unknown god.
  1461 | D:3      | Reached XP level 4. HP: 41/41 MP: 3/3
  1473 | D:3      | Found a runed translucent gate.
  1473 | D:3      | Found a runed translucent gate.
  1474 | D:3      | Found a runed translucent gate.
  2131 | D:3      | Noticed unrecovered's ghost (amateur DsMo)
  2131 | D:3      | Noticed kalagan's ghost (amateur DECj)
  2131 | D:3      | Noticed ripuliukko's ghost (amateur DEEE)
  2254 | D:3      | Killed unrecovered's ghost
  2255 | D:3      | Reached skill level 5 in Fighting
  2255 | D:3      | Reached skill level 6 in Long Blades
  2255 | D:3      | Reached XP level 5. HP: 12/48 MP: 4/4
  2255 | D:3      | Reached XP level 6. HP: 14/56 MP: 5/5
  2259 | D:3      | Slain by ripuliukko's ghost

Illustrated notes

Levels and vault maps discovered:
D:1:      dpeg_arrival_pits, layout_loops_ring, dk_noncrumbling_2
D:2:      layout_rooms, shapermc_ecumenical_altar_mp_vishouse
D:3:      layout_basic, gammafunk_ghost_cemetery,
          chequers_hall_statues_corner_a, kennysheep_nub, minivault_25,
          amcnicky_mini_rare_corridor_liquid

Skill      XL: |  1  2  3  4 |
---------------+-------------+-----
Long Blades    | 4 6 |  6.2
Fighting       | 4 5 |  5.1
Dodging        | 4 |  4.6
Stealth        | |  0.9

Action                     |  1- 3 |  4- 6 || total
---------------------------+-------+-------++-------
  Melee: Falchion          |    69 |    30 ||    99
         Headbutt          |    19 |     6 ||    25
    Use: Scroll            |     4 |       ||     4
         Potion            |       |     7 ||     7
 Armour: Robe              |     6 |     4 ||    10
  Dodge: Dodged            |    37 |    25 ||    62
